 Dungeon Crawl Stone Soup version 0.27.0-1-g7a089689b8 (webtiles) character file.

Game seed: 17320104723951123117

4398 Acheron the Covered (level 10, -6/70 HPs)
             Began as a Djinni Fighter on Aug 5, 2021.
             Was a Priest of Nemelex Xobeh.
             Mangled by a komodo dragon (27 damage)
             ... on level 2 of the Lair of Beasts.
             The game lasted 00:45:49 (9723 turns).

Acheron the Covered (Djinni Fighter)                Turns: 9723, Time: 00:45:50

Health: -6/70      AC:  9    Str: 15    XL:     10   Next: 61%
Gold:   360        EV:  9    Int: 15    God:    Nemelex Xobeh [***...] SH:  9 Dex: 13

rFire    + + .     SeeInvis .   g - +5 mace of Teomajix {elec, Stlth+}
rCold    x . .     Faith    .   c - +0 kite shield
rNeg     + . .     Spirit   .   b - +0 scale mail
rPois    ∞         Reflect  .   u - +0 hat of the Midnight Sun {rN+ Int+4 Dex-2 Slay+2}
rElec    .         Harm     .   f - scarf {repulsion}
rCorr    .         Rampage  .   y - +0 pair of gloves
Will     +....                  (boots unavailable)
Stlth    ++........             (no amulet)
HPRegen  0.21/turn              (no ring)
MPRegen  0.00/turn              (no ring)

@: flying, repel missiles
A: sickness immunity, fire resistance 2, cold vulnerability 1, float, innate
caster, hp casting, extra vitality 1
a: Renounce Religion, Draw Escape, Draw Destruction, Draw Summoning, Triple Draw


You were on level 2 of the Lair of Beasts.
You worshipped Nemelex Xobeh.
Nemelex Xobeh was most pleased with you.
You visited 3 branches of the dungeon, and saw 15 of its levels.
You also visited: Bailey.

You collected 522 gold pieces.
You spent 162 gold pieces at shops.

Inventory:

Hand Weapons
 a - a +1 rapier
 g - the +5 mace of Teomajix (weapon) {elec, Stlth+}
   (You found it on level 4 of the Dungeon)

   It occasionally discharges a powerful burst of electricity upon striking a
   foe.
   Stlth:     It makes you more stealthy.
 s - a +3 war axe of venom
 v - a +2 vorpal flail
 B - a +2 flail of protection
 C - a +4 arbalest
 G - a +6 hand crossbow
Missiles
 h - 10 boomerangs (quivered)
 j - 2 silver boomerangs
 w - 3 throwing nets
 D - 16 bolts
Armour
 b - a +0 scale mail (worn)
 c - a +0 kite shield (worn)
 f - a scarf of repulsion (worn)
 u - the +0 hat of the Midnight Sun (worn) {rN+ Int+4 Dex-2 Slay+2}
   (You found it on level 5 of the Dungeon)

   Int:       It affects your intelligence (+4).
   Dex:       It affects your dexterity (-2).
   Slay:      It affects your accuracy & damage with ranged weapons and melee
   (+2).
   rN:        It protects you from negative energy.
 y - a +0 pair of gloves (worn)
Jewellery
 A - a ring of fire
Wands
 n - a wand of iceblast (18)
 q - a wand of paralysis (4)
 t - a wand of polymorph (2)
 F - a wand of flame (27)
Scrolls
 p - a scroll of blinking
 r - a scroll of fog
 z - a scroll of summoning
 E - a scroll of magic mapping
Potions
 d - a potion of might
 e - 2 potions of magic
 i - a potion of heal wounds
 l - 3 potions of mutation
 m - a potion of invisibility
 o - 2 potions of curing
 H - 2 potions of brilliance


   Skills:
 * Level 5.1 Fighting
 + Level 3.9 Short Blades
 * Level 4.1(4.4) Axes
 * Level 2.0(3.3) Maces & Flails
 * Level 2.9 Throwing
 * Level 6.6 Armour
 * Level 4.2 Dodging
 * Level 3.9 Stealth
 * Level 5.5 Shields
 * Level 3.0 Spellcasting
 * Level 2.9 Invocations
 * Level 3.3 Evocations


You had 6 spell levels left.
You knew the following spells:

 Your Spells              Type           Power      Damage    Failure   Level
a - Summon Small Mammal   Summ           44%        N/A       56%         1
b - Passwall              Tmut/Erth      9%         N/A       71%         2
c - Searing Ray           Conj           22%        3d3       71%         2
d - Animate Armour        Summ/Erth      22%        N/A       100%        4
Your spell library was empty.


Dungeon Overview and Level Annotations

Branches:
Dungeon (10/15)            Temple (1/1) D:5            Lair (4/6) D:9
 Bailey (visited)
  Swamp: Lair:2-4    Shoals: Lair:2-4     Snake: Lair:2-4    Spider: Lair:2-4
    Orc: D:9-12

Altars:
Ashenzari
Cheibriados
Dithmenos
Elyvilon
Fedhas
Gozag
Hepliaklqana
Kikubaaqudgha
Makhleb
Nemelex Xobeh
Okawaru
Qazlal
Ru
Sif Muna
Trog
Uskayaw
Vehumet
Wu Jian
Xom
Yredelemnul
Zin
The Shining One

Shops:
D:6 :(*

Annotations:
D:2 exclusion: downstairs
D:3 Grinder
D:4 1 runed translucent door, exclusion: 2 upstairs, Crazy Yiuf
Lair:1 exclusion: 2 oklob plants


Innate Abilities, Weirdness & Mutations

You are immune to sickness and miasma.
You are immune to poison.
Your flesh is very heat resistant. (rF++)
You are vulnerable to cold. (rC-)
You float through the air rather than walking.
You learn spells naturally, not from books.
Your magical power is your life essence.
You have superior vitality. (+4 HP)


Message History

The yak barely misses you.
You thump the yak!
The yak is severely wounded.
You block the yak's attack. The yak barely misses you.
You hit the yak. Lightning courses through the yak!
You kill the yak!
The yak closely misses you.
Your base Maces & Flails skill increases to level 2!
Your Spellcasting skill increases to level 3!
You closely miss the yak. The yak gores you!
You barely miss the yak. You block the yak's attack.
The yak closely misses you.
You hit the yak.
The yak is lightly wounded.
You block the yak's attack.
You closely miss the yak.
The yak is lightly wounded.
The yak bellows!
You block the yak's attack. x2
You barely miss the yak.
The yak is lightly wounded.
The yak bellows!
The yak closely misses you.
You thump the yak!
The yak is moderately wounded.
The yak gores you!
* * * LOW HITPOINT WARNING * * *
You feel much better. The yak gores you!
You hit the yak.
The yak is heavily wounded.
The yak gores you. The yak gores you but does no damage.
You hit the yak. Lightning courses through the yak!
The yak is almost dead.
The yak gores you.
* * * LOW HITPOINT WARNING * * *
You hit the yak. Lightning courses through the yak!
You kill the yak!
The komodo dragon bites you!!
You die...
Your body glows with a rainbow of weird colours and disappears.

#.#....[###.......P#.#..#.#
.##.... .....#........#....###
.....#.##.....#.......P..P...#
....#.....#.#..##.....P.P#####
..#.........##..#.....####
.....⌠...⌠...#..#.P#..##
.......>....Y#..+.##..P#
.....Y...⌠.Yl#..## #.###
.#..........#@..## #.#
....##....#.#..##.##.# #..
.###.#....###.#..### ##
..........#..#.....####
.....##...........##.## #
#....#........##......#
#.####..(..........####...###
..#.#..#.....#........# #.....#
........⌠l<.⌠.....P..#####....##


You could see a komodo dragon and 2 yaks.

Vanquished Creatures
  2 cane toads (Lair:3)
  A komodo dragon (Lair:3)
  A shadow (D:9)
  6 yaks
  2 steam dragons
  An orc warrior (D:9)
  4 water moccasins
  A sky beast (D:7)
  An ogre (D:5)
  A centaur (D:9)
  A phantom (D:4)
  6 bullfrogs
  3 scorpions
  2 centaur zombies
  2 hounds
  A bullfrog skeleton (D:4)
  3 gnoll shamans
  An orc priest (D:9)
  An iguana (D:4)
  3 orc wizards
  2 killer bee zombies
  A hound skeleton (D:4)
  A howler monkey zombie (D:7)
  A howler monkey skeleton (D:7)
  4 adders
  15 gnolls
  3 white imps
  An ufetubus (D:4)
  An adder skeleton (D:4)
  A worm (D:2)
  A dart slug (Bailey)
  21 orcs
  10 ball pythons
  2 bats
  3 endoplasms
  A giant cockroach (D:1)
  10 goblins
  6 hobgoblins
  5 jackals (D:1)
  4 kobolds
  A quokka (D:1)
  5 frilled lizards
  3 rats (D:1)
145 creatures vanquished.

Vanquished Creatures (collateral kills)
  2 wyverns (D:9)
  An orc warrior (D:9)
  A bullfrog (D:9)
  An orc priest (D:9)
  4 gnolls
  An orc (D:9)
  2 goblins
  A frilled lizard (D:2)
  A kobold (D:2)
14 creatures vanquished.

Vanquished Creatures (others)
  28 fungi
  35 plants
  12 withered plants (D:2)
75 creatures vanquished.

Grand Total: 234 creatures vanquished

Notes
Turn   | Place    | Note
-------+----------+-------------------------------------------
     0 | D:1      | Acheron the Djinni Fighter began the quest for the Orb.
     0 | D:1      | Reached XP level 1. HP: 20/20 MP: 0/0
   193 | D:1      | Reached XP level 2. HP: 25/25 MP: 0/0
   455 | D:1      | Reached XP level 3. HP: 30/30 MP: 0/0
   455 | D:1      | Learned a level 1 spell: Summon Small Mammal
  1036 | D:2      | Reached skill level 1 in Stealth
  1052 | D:2      | Reached XP level 4. HP: 30/35 MP: 0/0
  1174 | D:3      | Noticed Grinder
  1179 | D:2      | Found a faded altar of an unknown god.
  1410 | D:3      | Reached skill level 1 in Dodging
  1410 | D:3      | Reached XP level 5. HP: 20/40 MP: 0/0
  1410 | D:3      | Learned a level 2 spell: Passwall
  1415 | D:3      | Reached skill level 1 in Spellcasting
  1712 | D:4      | Found a runed translucent door.
  1713 | D:4      | Noticed Crazy Yiuf
  1715 | D:4      | Identified the +5 mace of Teomajix {elec, Stlth+}
  1941 | D:4      | Noticed a phantom
  2009 | D:4      | Killed a phantom
  2010 | D:4      | Reached XP level 6. HP: 31/46 MP: 0/0
  2213 | D:4      | Identified a scroll of acquirement
  2213 | D:4      | Acquired a scarf of repulsion
  2911 | D:3      | Found a bloodstained altar of Trog.
  2913 | D:3      | Paralysed by Grinder for 7 turns
  3188 | D:5      | Entered Level 5 of the Dungeon
  3244 | D:5      | Reached skill level 4 in Armour
  3457 | D:5      | Found a staircase to the Ecumenical Temple.
  3471 | D:5      | Noticed an ogre
  3475 | Temple   | Entered the Ecumenical Temple
  3788 | Temple   | Became a worshipper of Nemelex Xobeh the Trickster
  3847 | D:5      | Killed an ogre
  3848 | D:5      | Reached XP level 7. HP: 25/51 MP: 0/0
  3848 | D:5      | Learned a level 2 spell: Searing Ray
  4023 | D:5      | Noticed a water moccasin
  4043 | D:5      | Killed a water moccasin
  4044 | D:5      | Reached skill level 1 in Throwing
  4134 | D:6      | Found Ecekaniy's General Store.
  4139 | D:6      | Bought a potion of curing for 36 gold pieces
  4139 | D:6      | Bought a scroll of blinking for 90 gold pieces
  4139 | D:6      | Bought a scroll of teleportation for 36 gold pieces
  4147 | D:6      | Found Agogump's Weapon Boutique.
  4658 | D:7      | Reached * piety under Nemelex Xobeh
  4666 | D:7      | Received a gift from Nemelex Xobeh
  4680 | D:7      | Reached skill level 1 in Evocations
  5109 | D:6      | Found Cyhaer's Book Emporium.
  5241 | D:5      | Identified the +0 hat of the Midnight Sun {rN+ Int+4 Dex-2
                  | Slay+2}
  5262 | D:5      | Reached XP level 8. HP: 51/58 MP: 0/0
  5309 | D:5      | Found a snail-covered altar of Cheibriados.
  5309 | D:5      | Found a shadowy altar of Dithmenos.
  5466 | D:5      | Received a gift from Nemelex Xobeh
  5664 | D:5      | Reached skill level 1 in Axes
  6174 | D:8      | Reached skill level 1 in Invocations
  6174 | D:8      | Reached ** piety under Nemelex Xobeh
  6303 | D:10     | Entered Level 10 of the Dungeon
  6554 | D:9      | Reached skill level 5 in Armour
  6893 | D:9      | Noticed a wyvern
  6907 | D:9      | Killed a wyvern
  6908 | D:9      | Reached XP level 9. HP: 22/62 MP: 0/0
  6908 | D:9      | Learned a level 4 spell: Animate Armour
  6942 | D:9      | Found a flagged portal.
  6958 | Bailey   | Entered a bailey
  7541 | Bailey   | Noticed an orc knight
  7959 | D:9      | HP: 1/63 [gnoll sergeant (9)]
  8874 | D:9      | Found a staircase to the Lair.
  8879 | Lair:1   | Entered Level 1 of the Lair of Beasts
  8879 | Lair:1   | Noticed a seven-headed hydra
  8879 | Lair:1   | Noticed an oklob plant
  8879 | Lair:1   | Noticed an oklob plant
  8879 | Lair:1   | Noticed an eight-headed hydra
  8891 | Lair:1   | Noticed a four-headed hydra
  8918 | Lair:1   | Noticed a komodo dragon
  8936 | Lair:1   | Noticed a komodo dragon
  8975 | Lair:2   | Received a gift from Nemelex Xobeh
  8975 | Lair:2   | Reached *** piety under Nemelex Xobeh
  9152 | Lair:1   | Received a gift from Nemelex Xobeh
  9291 | Lair:2   | Reached skill level 5 in Shields
  9420 | Lair:3   | Noticed a komodo dragon
  9430 | Lair:3   | Noticed a cane toad
  9431 | Lair:3   | Reached skill level 6 in Armour
  9431 | Lair:3   | Reached XP level 10. HP: 48/69 MP: 0/0
  9433 | Lair:3   | Noticed a cane toad
  9435 | Lair:3   | Killed a komodo dragon
  9441 | Lair:3   | Killed a cane toad
  9442 | Lair:3   | Reached skill level 5 in Fighting
  9442 | Lair:3   | Reached skill level 1 in Maces & Flails
  9445 | Lair:3   | Killed a cane toad
  9673 | Lair:4   | Noticed an elephant
  9673 | Lair:4   | Noticed an elephant
  9675 | Lair:4   | Noticed an elephant
  9676 | Lair:4   | Noticed an elephant
  9678 | Lair:3   | Noticed a black mamba
  9688 | Lair:3   | Noticed an elephant
  9723 | Lair:2   | Mangled by a komodo dragon

Illustrated notes

Levels and vault maps discovered:
D:1:      heliophobic_arrival_battle_scene, layout_loops_ring, minmay_3d_cube
D:2:      layout_rooms, shapermc_ecumenical_altar_flowoftime
D:3:      minmay_door_path, layout_rooms, bloody_trog, kennysheep_another_room,
          chequers_serial_rivers_large_b, uniq_grinder
D:4:      layout_loops_ring, uniq_crazy_yiuf_cottage
D:5:      layout_basic, gammafunk_temple_overflow_pools, lemuel_crystal_altar,
          minmay_temple_entry_sparse_star
D:6:      layout_basic, serial_shops, nicolae_diamond_shop,
          nicolae_shop_crystal, kennysheep_little_box, nicolae_lakefront_shop
D:7:      layout_basic
D:8:      layout_rooms, minmay_shop_enchanted_jewellery, hex_large, uniq_pikel
D:9:      layout_loops_ring, grunt_lair_entry_orc_guard_hut, enter_bailey_5
D:10:     layout_basic, orc_0_dummy
Temple:   dpeg_five_rooms_temple
Lair:1:   layout_cave_pods, minmay_lair_oklob_chamber, serial_bayou_shore_b
Lair:2:   layout_layer_cave, lemuel_fruit_tree, grunt_megastairs_2
Lair:3:   layout_misc_corridors, palyth_hydra_swamp_entry
Lair:4:   layout_cave_pods, spider_nest_entry_rubble, ebering_ghost_xom

Skill      XL: |  1  2  3  4  5  6  7  8  9 10 |
---------------+-------------------------------+-----
Short Blades   | 2 3 |  3.9
Stealth        | 1 2 3 |  3.9
Dodging        | 1 2 3 4 |  4.2
Spellcasting   | 1 2 3 |  3.0
Armour         | 4 5 6 |  6.6
Throwing       | 1 2 |  2.9
Evocations     | 1 2 3 |  3.3
Fighting       | 4 5 |  5.1
Shields        | 4 5 |  5.5
Axes           | 2 3 4 |  4.1
Invocations    | 1 2 |  2.9
Maces & Flails | 2 |  2.0

Action                   |  1- 3 |  4- 6 |  7- 9 | 10-12 || total
-------------------------+-------+-------+-------+-------++-------
Melee: Rapier            |    78 |   168 |    41 |       ||   287
       War axe           |       |       |   127 |       ||   127
       Mace              |       |       |    24 |    44 ||    68
Throw: Boomerang         |       |     3 |     5 |     1 ||     9
Invok: Draw Destruction  |       |       |    14 |     5 ||    19
       Draw Summoning    |       |       |     3 |       ||     3
       Draw Escape       |       |       |     3 |     1 ||     4
  Use: Scroll            |     7 |     5 |     6 |     2 ||    20
       Potion            |       |     1 |     1 |     1 ||     3
Armor: Scale mail        |    34 |    91 |   118 |    13 ||   256
Dodge: Dodged            |    19 |    64 |   100 |    24 ||   207
       Repelled          |       |     2 |     2 |       ||     4
Block: Kite shield       |    30 |    95 |   130 |    26 ||   281
